 Dungeon Crawl Stone Soup version 0.27.0-1-g7a089689b8 (webtiles) character file.

Game seed: 5407073586146577182

42 Colgate the Covert (level 3, 16/35 HPs)
             Began as a Gnoll Delver on Aug 13, 2021.
             Was a Follower of the Shining One.
             Quit the game on level 4 of the Dungeon.
             The game lasted 00:05:14 (628 turns).

Colgate the Covert (Gnoll Delver)                    Turns: 628, Time: 00:05:14

Health: 16/35      AC:  3    Str: 12    XL:     3   Next: 56%
Magic:  3/4        EV: 13    Int:  9    God:    the Shining One [*.....]
Gold:   41         SH:  0    Dex: 13    Spells: 3/3 levels left

rFire    . . .     SeeInvis .     - Unarmed
rCold    . . .     Faith    .   (no shield)
rNeg     . . .     Spirit   .   a - +0 leather armour
rPois    .         Reflect  .   (no helmet)
rElec    .         Harm     .   (no cloak)
rCorr    .         Rampage  .   (no gloves)
Will     .....                  (no boots)
Stlth    ++........             (no amulet)
HPRegen  0.11/turn              (no ring)
MPRegen  0.09/turn              (no ring)

@: mildly poisoned (16 -> 14), glowing
A: fangs 1, strong nose, distributed training
a: Renounce Religion


You were on level 4 of the Dungeon.
You worshipped the Shining One.
The Shining One was aware of your devotion.
You visited 1 branch of the dungeon, and saw 5 of its levels.

You collected 41 gold pieces.

Inventory:

Hand Weapons
 k - a +0 dagger of venom
Missiles
 e - 10 sling bullets
 i - 78 stones (quivered)
Armour
 a - a +0 leather armour (worn)
Jewellery
 j - a ring of ice
Wands
 f - a wand of digging (3)
Scrolls
 d - 2 scrolls of fear
 g - 2 scrolls of identify {unknown}
 h - a scroll of teleportation {unknown}
 m - a scroll of amnesia {unknown}
Potions
 c - a potion of berserk rage {unknown}
 l - a potion of degeneration {unknown}


   Skills:
 + Level 6.5 Fighting
 + Level 0.8 Short Blades
 + Level 0.8 Long Blades
 + Level 0.8 Axes
 + Level 0.8 Maces & Flails
 + Level 0.8 Polearms
 + Level 0.8 Staves
 + Level 0.8 Slings
 + Level 0.8 Bows
 + Level 0.8 Crossbows
 + Level 0.8 Throwing
 + Level 0.8 Armour
 + Level 4.5 Dodging
 + Level 9.5 Stealth
 + Level 0.8 Shields
 + Level 4.5 Unarmed Combat
 + Level 0.8 Spellcasting
 + Level 0.5 Conjurations
 + Level 0.5 Hexes
 + Level 0.5 Summonings
 + Level 0.5 Necromancy
 + Level 0.5 Translocations
 + Level 0.5 Transmutations
 + Level 0.5 Fire Magic
 + Level 0.5 Ice Magic
 + Level 0.5 Air Magic
 + Level 0.5 Earth Magic
 + Level 0.5 Poison Magic
 + Level 1.0 Invocations
 + Level 0.8 Evocations


You had 3 spell levels left.
You didn't know any spells.
Your spell library was empty.

Dungeon Overview and Level Annotations

Branches:
Dungeon (5/15)
 Temple: D:4-7

Altars:
Trog
Vehumet
The Shining One


Innate Abilities, Weirdness & Mutations

You have very sharp teeth.
Your uncanny sense of smell can sniff out nearby items.
Your experience applies equally to all skills.


Message History

The endoplasm is heavily wounded.
You hit the endoplasm.
You kill the endoplasm!
Okay, then.
i - 78 stones (gained 31)
There is a stone staircase leading down here.
You climb downwards.
There is a stone staircase leading up here.
You hit the adder.
The adder hisses angrily.
Your punch misses the adder.
The adder is lightly wounded.
The adder barely misses you.
You closely miss the adder. Your bite misses the adder.
The adder is lightly wounded.
The adder bites you.
You closely miss the adder.
The adder is lightly wounded.
The adder bites you.
You are poisoned.
The adder poisons you! The adder misses you.
You hit the adder. Your bite misses the adder.
The adder is lightly wounded.
You feel sick. The adder bites you.
You are more poisoned.
The adder poisons you!
You hit the adder. You bite the adder.
The adder is heavily wounded.
You feel sick. The adder closely misses you.
You hit the adder. You punch the adder.
You kill the adder!
You feel sick.
Your Invocations skill increases to level 1!
You feel sick.
You feel sick.
As you read the scroll of magic mapping, it crumbles to dust.
You feel aware of your surroundings.
You sensed 1 altar.
You feel sick.
Unknown command.
Unknown command.
Are you sure you want to abandon this character and quit the game? (Confirm with "yes".)

*,,,* *,*******,,...#..#***
*****,,,**###.#.,,,,,,,,,....####
,**>,,,,,,,.....,∆,,,,,,,,.......
,**,*******#....#####.######.####
,**,,,,,,,,+......,..............
***,*******#......,,.............
,,,,,,,,,,,+.....#***#....##S#...
***+***,***#.....# #....*#.#.##
,,,,,,,,* #....@# #....*#§#.#*
,,,,,,,,* #.....# #.§.§##§#.#,
,,,,,,,,* #.....# *#§§§§§§#S#,
,,,,,,,,* #.....# #§§§##§#.#,
,,,,,,,,* #$....## #§§§##§#..,
,,,****+***##....<#####§§§##§##*,
,,,**,,,,......#.........§...#**,
*,,,,,,,,......#..............,,,
*,,,,,,,,...........###...#.##,*,


There were no monsters in sight!

Vanquished Creatures
  2 adders
  An orc (D:2)
  A bat (D:2)
  3 endoplasms
  4 jackals (D:1)
  3 quokkas
  4 ball pythons
  3 frilled lizards
  A kobold (D:1)
22 creatures vanquished.

Notes
Turn   | Place    | Note
-------+----------+-------------------------------------------
     0 | D:5      | Reached skill level 9 in Stealth
     0 | D:5      | Colgate the Gnoll Delver began the quest for the Orb.
     0 | D:5      | Reached XP level 1. HP: 23/23 MP: 1/1
    12 | D:5      | Noticed a hound
    12 | D:5      | Found a radiant altar of Vehumet.
   170 | D:2      | Reached XP level 2. HP: 29/29 MP: 2/2
   460 | D:1      | Noticed a great orb of eyes
   462 | D:1      | Found a faded altar of an unknown god.
   484 | D:1      | Noticed a shining eye
   484 | D:1      | Noticed a golden eye
   484 | D:1      | Noticed a floating eye
   489 | D:1      | Became a worshipper of the Shining One
   489 | D:1      | Reached * piety under the Shining One
   559 | D:2      | Found a bloodstained altar of Trog.
   606 | D:3      | Reached XP level 3. HP: 28/35 MP: 2/4
   625 | D:4      | Reached skill level 1 in Invocations
   628 | D:4      | Quit the game

Illustrated notes

Levels and vault maps discovered:
D:1:      dpeg_arrival_water_temple_mockup, layout_basic,
          hellmonk_ecumenical_altar_watching_god, nrook_loot_triangle
D:2:      kennysheep_big_flooded_room, layout_basic, basic_altar,
          roderic_lattice_a, grunt_ministairs_15
D:3:      layout_basic
D:4:      layout_basic, tso_altar
D:5:      layout_loops_corners, mainiacjoe_overflow_paths, serial_shops,
          nicolae_shop_overgrown_old_shop, uniq_crazy_yiuf_cottage, uniq_ijyb

Skill      XL: |  1  2  3 |
---------------+----------+-----
Stealth        | |  9.5
Invocations    | 1 |  1.0
Fighting       | |  6.5
Short Blades   | |  0.8
Long Blades    | |  0.8
Axes           | |  0.8
Maces & Flails | |  0.8
Polearms       | |  0.8
Staves         | |  0.8
Slings         | |  0.8
Bows           | |  0.8
Crossbows      | |  0.8
Throwing       | |  0.8
Armour         | |  0.8
Dodging        | |  4.5
Shields        | |  0.8
Unarmed Combat | |  4.5
Spellcasting   | |  0.8
Conjurations   | |  0.5
Hexes          | |  0.5
Summonings     | |  0.5
Necromancy     | |  0.5
Translocations | |  0.5
Transmutations | |  0.5
Fire Magic     | |  0.5
Ice Magic      | |  0.5
Air Magic      | |  0.5
Earth Magic    | |  0.5
Poison Magic   | |  0.5
Evocations     | |  0.8

Action                   || total
-------------------------++-------
Melee: Unarmed           ||    30
       Bite              ||     3
       Dagger            ||    12
       Punch             ||     2
  Use: Scroll            ||     3
       Potion            ||     1
 Stab: Sleeping          ||    11
Armor: Leather armour    ||     8
Dodge: Dodged            ||    25
